 Dungeon Crawl Stone Soup version 0.18-a0-1799-g6250cb2 (webtiles) character file.

5623 poirepourri the Blocker (level 10, -4/61 HPs)
             Began as a Gargoyle Fighter on Apr 23, 2016.
             Was a Believer of Makhleb.
             Slain by a red ugly thing (8 damage)
             ... on level 8 of the Dungeon.
             The game lasted 00:13:20 (7000 turns).

poirepourri the Blocker (Gargoyle Fighter)          Turns: 7000, Time: 00:13:21

Health: -4/61      AC: 26    Str: 23    XL:     10   Next: 73%
Magic:  10/10      EV: 11    Int:  9    God:    Makhleb [**....]
Gold:   238        SH: 11    Dex:  9    Spells: 0 memorised, 9 levels left

rFire  . . .     SeeInvis .     d - +7 flail (protect)
rCold  + . .     Gourm    .     b - +0 scale mail
rNeg   + . .     Faith    .     c - +0 shield
rPois  ∞         Spirit   .     g - +1 helmet
rElec  +         Dismiss  .     i - +2 cloak
rCorr  .         Reflect  .     s - +0 pair of gloves
SustAt .         Harm     .     (no boots)
MR     .....                    (no amulet)
Stlth  ..........               u - ring of protection from fire
                                m - ring of ice

@: not resistant to hostile enchantments, extremely unstealthy
A: negative energy resistance 1, electricity resistance, unbreathing,
petrification resistance, rot immunity, AC +7
a: Minor Destruction, Renounce Religion


You were on level 8 of the Dungeon.
You worshipped Makhleb.
Makhleb was pleased with you.
You were not hungry.

You visited 2 branches of the dungeon, and saw 9 of its levels.

You collected 329 gold pieces.
You spent 91 gold pieces at shops.

Inventory:

Hand Weapons
 d - a +7 flail of protection (weapon)
Missiles
 o - 3 poisoned tomahawks
 q - 8 tomahawks (quivered)
Armour
 b - a +0 scale mail (worn)
 c - a +0 shield (worn)
 g - a +1 helmet (worn)
 i - a +2 cloak (worn)
 s - a +0 pair of gloves (worn)
Jewellery
 m - a ring of ice (left hand)
 u - a ring of protection from fire (right hand)
Wands
 t - a wand of iceblast (3/15)
 v - a wand of acid (11/15)
 x - a wand of iceblast (11/15)
 y - a wand of lightning (9/15)
Scrolls
 e - a scroll of magic mapping
 k - a scroll of remove curse
 n - 2 scrolls of fog
 w - 3 scrolls of blinking
Potions
 h - 2 potions of curing
 l - a potion of lignification
 p - 2 potions of mutation
 r - a potion of brilliance
 A - a potion of cancellation
 B - a potion of flight {unknown}
Comestibles
 a - a meat ration
 f - 7 bread rations
 j - 3 beef jerkies


   Skills:
 + Level 6.7 Fighting
 + Level 7.2 Maces & Flails
 + Level 4.0 Throwing
 + Level 6.3 Armour
 + Level 6.2 Dodging
 + Level 0.5 Stealth
 + Level 9.6 Shields


You had 9 spell levels left.
You didn't know any spells.

Dungeon Overview and Level Annotations

Branches:
Dungeon (8/15)             Temple (1/1) D:6
   Lair: D:8-11

Altars:
Ashenzari
Cheibriados
Dithmenos
Elyvilon
Fedhas
Gozag
Kikubaaqudgha
Makhleb
Nemelex Xobeh
Okawaru
Pakellas
Qazlal
Ru
Sif Muna
Trog
Vehumet
Xom
Yredelemnul
Zin
The Shining One

Shops:
D:5 }   D:7 =


Innate Abilities, Weirdness & Mutations

You are resistant to torment.
Your stone body is resilient (AC +7).
You are immune to poison.
You resist negative energy.
You are resistant to electric shocks.
You can survive without breathing.
You are immune to petrification.
You are immune to rotting.


Message History

You kill the yak!
Makhleb accepts your kill.
You feel better.
You sock the red ugly thing!
The red ugly thing is moderately wounded.
You block the red ugly thing's attack.
You sock the red ugly thing!
The red ugly thing is heavily wounded.
The red ugly thing barely misses you.
You barely miss the red ugly thing.
The red ugly thing is heavily wounded.
The red ugly thing tentacle-slaps you.
You are engulfed in flames!
You sock the red ugly thing!
The red ugly thing is severely wounded.
The red ugly thing tentacle-slaps you!
You are engulfed in flames!!
* * * LOW HITPOINT WARNING * * *
You bludgeon the red ugly thing!!
The red ugly thing is almost dead.
The red ugly thing tentacle-slaps you!
You die...

...###### #......#
........### #......#
##........###......#
###...............#
###......#......#
###.....###'###
###.....#.#
###...#.# ###.#@#
###. .#u# #.... #b#
.....##t#
#..rr######
##..r.....#
#.#Y####.# #....(.#
....P.P....


You could see a red ugly thing, a yak, a crocodile, a river rat, a bat and 2
rats.

Vanquished Creatures
  A hill giant (D:8)
  Pikel (D:7)
  A spriggan (D:7)
  Sigmund (D:2)
  A yak (D:8)
  A hippogriff (D:8)
  Duvessa (D:7)
  4 orc warriors
  3 sky beasts
  A phantom (D:8)
  3 necrophages
  2 ogres (D:4)
  4 centaurs
  An elf zombie (D:7)
  2 giant frogs
  Blork the orc (D:6)
  A gnoll sergeant (D:6)
  Dowan (D:7)
  9 killer bees
  8 wights
  A howler monkey (D:7)
  A giant frog zombie (D:6)
  4 crimson imps
  3 hounds
  A human zombie (D:7)
  A jelly (D:5)
  Crazy Yiuf (D:2)
  2 giant frog skeletons
  3 orc priests
  6 orc wizards
  A centaur skeleton (D:8)
  Terence (D:2)
  2 human skeletons (D:7)
  3 iguanas
  9 worker ants
  A killer bee zombie (D:6)
  A mummy (D:6)
  8 gnolls
  10 adders
  A river rat (D:8)
  A shadow imp (D:4)
  5 oozes
  An adder zombie (D:5)
  An adder skeleton (D:4)
  2 worms
  A dart slug (D:1)
  4 giant geckos
  31 orcs
  15 bats
  4 giant cockroaches
  5 goblins
  3 hobgoblins
  2 jackals (D:4)
  3 kobolds
  6 quokkas
  A giant gecko zombie (D:7)
  7 giant newts
  A hobgoblin zombie (D:6)
  A jackal zombie (D:6)
  4 orc zombies
  7 rats
  A butterfly (D:6)
213 creatures vanquished.

Vanquished Creatures (others)
  A hound (D:7)
  2 fungi (D:8)
3 creatures vanquished.

Grand Total: 216 creatures vanquished

Notes
Turn   | Place    | Note
--------------------------------------------------------------
     0 | D:1      | poirepourri the Gargoyle Fighter began the quest for the Orb.
     0 | D:1      | Reached XP level 1. HP: 14/14 MP: 1/1
   208 | D:1      | Reached XP level 2. HP: 10/19 MP: 2/2
   822 | D:2      | Noticed Sigmund
   833 | D:2      | Killed Sigmund
   833 | D:2      | Reached skill level 1 in Dodging
   833 | D:2      | Reached skill level 4 in Shields
   833 | D:2      | Reached XP level 3. HP: 14/23 MP: 3/3
   833 | D:2      | Reached XP level 4. HP: 18/28 MP: 4/4
   833 | D:2      | Reached XP level 5. HP: 20/32 MP: 5/5
  1103 | D:2      | Noticed Terence
  1129 | D:2      | Killed Terence
  1302 | D:2      | Noticed Crazy Yiuf
  1307 | D:2      | Killed Crazy Yiuf
  1307 | D:2      | Reached skill level 5 in Shields
  1307 | D:2      | Reached XP level 6. HP: 38/38 MP: 6/6
  1911 | D:3      | Found a stormy altar of Qazlal.
  2591 | D:4      | Reached XP level 7. HP: 15/43 MP: 7/7
  3478 | D:4      | Found a radiant altar of Vehumet.
  3509 | D:5      | Entered Level 5 of the Dungeon
  3533 | D:4      | Reached skill level 6 in Shields
  3634 | D:5      | Found Uvoxto's Gadget Boutique.
  3642 | D:5      | Reached skill level 1 in Throwing
  3680 | D:5      | Bought a wand of iceblast (3/15) for 91 gold pieces
  3901 | D:5      | Reached XP level 8. HP: 48/48 MP: 8/8
  4020 | D:5      | Reached skill level 5 in Armour
  4397 | D:6      | Noticed Blork the orc
  4409 | D:6      | Killed Blork the orc
  4434 | D:6      | Reached skill level 7 in Shields
  4486 | D:6      | Reached skill level 5 in Maces & Flails
  4528 | D:6      | Reached skill level 5 in Fighting
  4590 | D:6      | Reached XP level 9. HP: 51/54 MP: 9/9
  4925 | D:6      | Reached skill level 8 in Shields
  5082 | D:6      | Found a staircase to the Ecumenical Temple.
  5132 | Temple   | Entered the Ecumenical Temple
  5151 | Temple   | Became a worshipper of Makhleb the Destroyer
  5462 | D:7      | Found a shimmering altar of Xom.
  5905 | D:7      | Reached skill level 5 in Dodging
  5924 | D:7      | Reached * piety under Makhleb
  6039 | D:7      | Noticed Duvessa
  6041 | D:7      | Noticed Dowan
  6055 | D:7      | Killed Duvessa
  6055 | D:7      | Reached XP level 10. HP: 55/60 MP: 10/10
  6066 | D:7      | Killed Dowan
  6066 | D:7      | Reached skill level 9 in Shields
  6117 | D:7      | Noticed Pikel
  6140 | D:7      | Killed Pikel
  6159 | D:7      | Found an opulent altar of Gozag.
  6391 | D:7      | Found Viabburo's Jewellery Shoppe.
  6494 | D:7      | Found a basalt altar of Yredelemnul.
  6649 | D:7      | Reached ** piety under Makhleb
  6700 | D:8      | Found a blossoming altar of Fedhas.
  6799 | D:8      | Noticed a hill giant
  6812 | D:8      | Killed a hill giant
  6978 | D:8      | Noticed a red ugly thing
  6999 | D:8      | HP: 3/61 [red ugly thing (20)]
  7000 | D:8      | Slain by a red ugly thing

Vault maps used:
D:1:      dpeg_arrival_boxes_within_box
D:2:      uniq_sigmund, uniq_terence, uniq_crazy_yiuf_cottage
D:3:      overflow_temple_1_default, item_on_display_a
D:4:      marbit_many_paths
D:5:      first_bread, serial_shops, shop
D:6:      minmay_temple_entry_butterflies, nicolae_ossuary_entry_giza,
          minivault_25, kennysheep_decorative_pillar, hex_tiny,
          uniq_blork_the_orc
D:7:      xom_teletrap_fun, lemuel_mausoleum_altar_yredelemnul, serial_shops,
          shop, the_bakery, grunt_gozag_breadcrumbs, uniq_duvessa, uniq_pikel
D:8:      minmay_diamond_stairs, lemuel_doored_altar,
          grunt_lair_entry_orc_guard_hut, serial_shops, shop, basic_altar,
          special_room, hex_medium, minmay_fountain_box, uniq_grum, uniq_erica
Temple:   eino_wide_crystal_templ_15

Skill      XL: |  1  2  3  4  5  6  7  8  9 10 |
---------------+-------------------------------+-----
Dodging        | 1 2 3 4 5 6 |  6.2
Shields        | 4 5 6 7 8 9 |  9.6
Armour         | 4 5 6 |  6.3
Maces & Flails | 3 4 5 6 7 |  7.2
Fighting       | 4 5 6 |  6.7
Throwing       | 1 2 4 |  4.0
Stealth        | |  0.5

Action                   |  1- 3 |  4- 6 |  7- 9 | 10-12 || total
-------------------------+-------+-------+-------+-------++-------
Melee: Flail             |    87 |   171 |   451 |   148 ||   857
Throw: Tomahawk          |       |       |    87 |    54 ||   141
  Use: Scroll            |     1 |     9 |     5 |     3 ||    18
       Potion            |     1 |     1 |     5 |       ||     7
  Eat: Meat ration       |       |     1 |       |     1 ||     2
       Bread ration      |       |     1 |     2 |       ||     3
Armor: Scale mail        |    92 |   125 |   257 |    77 ||   551
       Skin              |       |       |    21 |       ||    21
Dodge: Dodged            |    43 |    78 |   181 |    66 ||   368
Block: Shield            |    79 |   112 |   352 |    93 ||   636
